Map: King Sejong Station LE

Players

llllllllllll

  • Race: Zerg Zerg
  • League: Master

ThisGameSuck - Winner!

  • Race: Protoss Protoss
  • League: Grandmaster

VOD

Have the link to the VOD?

Description

Time

  • Played on: June 30, 2016, 1:48 p.m.
  • Length: 11:29
Show
View Real Time Build Order
Export as new Build Order

llllllllllll Zerg 

Build Orders: Hatch First 

Get SALT Encoding   

  12  0:00  Drone  
  13  0:12  Overlord  
  13  0:17  Drone  
  14  0:30  Drone x2  
  14  0:33  Drone  
  17  0:51  Hatchery  
  17  0:55  Drone  
  17  0:58  Drone  
  18  1:08  Extractor  
  17  1:13  Spawning Pool  
  17  1:16  Drone  
  17  1:20  Drone  
  18  1:28  Drone  
  19  1:38  Overlord  
  19  1:49  Drone  
  20  1:59  Queen  
  20  2:00  Zergling x2  
  23  2:03  Zergling x2, Queen  
  26  2:09  Metabolic Boost  
  26  2:10  Drone  
  27  2:27  Hatchery  
  27  2:29  Drone  
  27  2:32  Drone  
  28  2:40  Zergling x6  
  31  2:47  Overlord  
  31  2:48  Drone  
  32  2:54  Drone  
  32  2:58  Drone  
  34  3:04  Drone  
  35  3:07  Drone  
  34  3:13  Drone x5  
  34  3:18  Queen, Drone  
  42  3:22  Overlord  
  42  3:25  Drone  
  43  3:27  Drone  
  44  3:38  Queen  
  44  3:39  Drone x3  
  49  3:42  Queen  
  51  3:50  Drone x3  
  51  3:53  Overlord  
  51  3:54  Overlord  
  54  3:58  Queen  
  56  4:10  Spore Crawler  
  56  4:12  Drone x3, Spore Crawler  
  56  4:13  Drone  
  58  4:23  Spore Crawler, Drone x4  
  61  4:24  Zergling x2  
  61  4:28  Overlord  
  62  4:34  Overlord x2  
  62  4:48  Lair  
  62  4:50  Drone x4, Evolution Chamber x2  
  62  4:51  Queen  
  66  4:54  Queen  
  66  4:56  Drone  
  69  5:01  Drone x2  
  69  5:06  Drone x5  
  69  5:07  Drone x2  
  78  5:11  Overlord x2  
  74  5:23  Overlord  
  74  5:25  Zerg Missile Weapons Level 1, Zerg Melee Weapons Level 1  
  74  5:26  Overlord  
  74  5:28  Zergling x14  
  76  5:36  Drone  
  76  5:37  Drone x4  
  81  5:42  Extractor  
  81  5:43  Extractor  
  81  5:44  Extractor  
  81  5:45  Extractor x2, Drone x3  
  79  5:54  Drone x2  
  81  5:58  Drone x3  
  81  6:02  Hydralisk Den  
  83  6:10  Drone x3  
  86  6:14  Drone  
  86  6:15  Drone x4  
  86  6:16  Overlord x3  
  88  6:28  Drone x3  
  88  6:32  Muscular Augments  
  91  6:34  Infestation Pit  
  91  6:37  Overlord  
  91  6:38  Overlord  
  90  6:47  Drone x2  
  90  6:48  Hydralisk x7  
  90  6:52  Overseer  
  90  6:53  Overlord  
  106  6:54  Hatchery  
  106  6:59  Overlord x2  
  105  7:05  Hydralisk x2  
  105  7:06  Hydralisk x2  
  113  7:16  Drone x6  
  113  7:22  Zerg Melee Weapons Level 2, Zerg Missile Weapons Level 2  
  119  7:24  Drone x3  
  122  7:35  Zergling x2  
  122  7:36  Zergling x4  
  124  7:47  Zergling x10  
  124  7:48  Zergling x12  
  124  7:50  Extractor  
  124  7:51  Hive, Pathogen Glands  
  134  7:56  Extractor  
  133  7:58  Overseer  
  133  8:03  Hydralisk x4  
  141  8:07  Overlord x3  
  141  8:14  Queen, Drone x3  
  141  8:16  Overseer  
  141  8:18  Spire  
  145  8:21  Overlord x2  
  145  8:31  Zergling x16  
  145  8:32  Zergling x4  
  155  8:38  Drone x2  
  157  8:47  Infestor x3  
  157  8:48  Infestor x2  
  167  8:58  Zergling x2  
  167  8:59  Zergling x16, Spine Crawler  
  167  9:00  Spine Crawler  
  174  9:07  Zergling x2  
  174  9:08  Zergling x10  
  178  9:11  Zergling x4  
  170  9:21  Hydralisk x4  
  177  9:25  Adrenal Glands  
  177  9:26  Hydralisk x3  
  177  9:27  Hydralisk  
  185  9:32  Zergling x10  
  182  9:49  Zergling x2  
  182  9:50  Zergling x16  
  154  9:55  Zergling x4  
  154  9:56  Zergling x8  
  154  9:57  Queen x3  
  154  9:59  Zergling x6  
  150  10:05  Zergling x12  
  145  10:08  Zergling x2  
  145  10:10  Zergling x2  
  145  10:12  Zergling x2  
  142  10:14  Greater Spire  
  142  10:15  Hydralisk  
  142  10:23  Hydralisk  
  142  10:27  Hydralisk  
  142  10:28  Hydralisk x2  
  148  10:35  Hydralisk x2  
  135  10:39  Hydralisk x2  
  130  10:47  Hydralisk x3  
  89  11:15  Hatchery  
Show
View Real Time Build Order
Export as new Build Order

ThisGameSuck Protoss - Winner!

Build Orders: 1 Gate Expand, Phoenix Opening 

Get SALT Encoding   

  12  0:01  Probe (Chrono Boost)  
  13  0:12  Probe (Chrono Boost)  
  14  0:20  Pylon  
  14  0:23  Probe (Chrono Boost)  
  15  0:38  Gateway, Probe (Chrono Boost)  
  16  0:49  Probe (Chrono Boost)  
  17  0:50  Assimilator  
  17  0:59  Probe (Chrono Boost)  
  18  1:10  Probe (Chrono Boost)  
  19  1:20  Probe (Chrono Boost)  
  19  1:24  Nexus  
  20  1:34  Cybernetics Core  
  20  1:36  Probe (Chrono Boost)  
  21  1:42  Assimilator  
  22  1:47  Probe (Chrono Boost)  
  22  1:53  Pylon  
  22  1:57  Probe (Chrono Boost)  
  23  2:11  Adept (Chrono Boost), Warp Gate, Probe  
  26  2:24  Probe (Chrono Boost)  
  27  2:32  Stargate  
  27  2:35  Probe (Chrono Boost)  
  28  2:37  Adept  
  28  2:39  Probe (Chrono Boost)  
  31  2:46  Probe (Chrono Boost)  
  31  2:50  Probe (Chrono Boost)  
  33  2:56  Probe (Chrono Boost)  
  34  3:01  Mothership Core (Chrono Boost)  
  36  3:07  Probe (Chrono Boost)  
  37  3:17  Probe (Chrono Boost), Phoenix (Chrono Boost)  
  37  3:19  Probe (Chrono Boost)  
  41  3:27  Probe (Chrono Boost)  
  41  3:28  Gateway  
  41  3:29  Gateway, Probe (Chrono Boost)  
  41  3:32  Pylon  
  43  3:37  Probe  
  43  3:41  Probe  
  45  3:47  Probe  
  45  3:48  Pylon  
  45  3:51  Phoenix (Chrono Boost)  
  45  3:53  Probe  
  49  3:58  Probe  
  50  4:05  Probe  
  50  4:08  Probe  
  51  4:13  Phoenix (Chrono Boost)  
  51  4:16  Adept  
  56  4:17  Probe  
  56  4:19  Probe  
  56  4:21  Pylon  
  58  4:29  Nexus  
  58  4:31  Probe  
  59  4:34  Pylon, Phoenix (Chrono Boost)  
  59  4:38  Probe  
  61  4:40  Adept  
  61  4:41  Adept  
  61  4:43  Probe  
  61  4:45  Adept  
  69  4:48  Pylon  
  69  4:49  Probe  
  70  4:57  Phoenix (Chrono Boost)  
  72  5:00  Probe  
  72  5:04  Probe, Assimilator  
  73  5:07  Assimilator  
  73  5:10  Forge  
  73  5:16  Probe x2  
  73  5:19  Robotics Facility  
  75  5:21  Robotics Facility  
  75  5:27  Probe (Chrono Boost)  
  75  5:28  Probe (Chrono Boost)  
  77  5:33  Protoss Ground Weapons Level 1 (Chrono Boost)  
  77  5:39  Probe (Chrono Boost)  
  77  5:40  Probe (Chrono Boost)  
  77  5:41  Pylon  
  79  5:44  Probe (Chrono Boost)  
  80  5:52  Probe  
  80  5:54  Probe  
  80  5:56  Probe  
  82  6:00  Twilight Council  
  82  6:03  Gateway x2  
  83  6:08  Warp Prism (Chrono Boost)  
  85  6:13  Immortal (Chrono Boost), Probe  
  85  6:14  Assimilator  
  90  6:20  Probe  
  90  6:21  Probe  
  90  6:23  Assimilator  
  92  6:26  Probe  
  92  6:28  Gateway  
  92  6:30  Gateway x2  
  92  6:31  Gateway  
  92  6:32  Probe  
  94  6:33  Probe  
  94  6:38  Sentry, Probe  
  98  6:44  Probe  
  101  6:47  Observer (Chrono Boost)  
  101  6:58  Pylon  
  101  7:00  Pylon  
  100  7:02  Pylon  
  100  7:05  Pylon  
  100  7:07  Charge  
  100  7:08  Protoss Ground Weapons Level 2  
  100  7:17  Immortal x2 (Chrono Boost)  
  106  7:25  Gateway  
  106  7:26  Gateway  
  106  7:28  Zealot x2  
  106  7:29  Gateway  
  110  7:30  Templar Archives  
  110  7:32  Gateway  
  110  7:44  Zealot x7  
  124  7:51  Pylon  
  124  7:53  Immortal (Chrono Boost)  
  132  7:59  Immortal (Chrono Boost)  
  132  8:00  Probe  
  133  8:08  Pylon  
  133  8:09  Probe x2  
  133  8:10  Pylon  
  135  8:13  High Templar x2  
  135  8:16  Pylon  
  135  8:17  Archon, Pylon  
  139  8:24  High Templar, Pylon  
  139  8:26  Pylon  
  141  8:29  High Templar x3  
  141  8:30  High Templar  
  149  8:41  Archon x2  
  149  8:44  High Templar  
  149  8:47  Warp Prism (Chrono Boost)  
  149  8:48  Immortal (Chrono Boost)  
  147  8:51  Archon  
  147  8:54  Zealot x3  
  153  8:57  Zealot x3  
  159  9:06  Nexus, Zealot x3  
  159  9:07  Zealot  
  167  9:10  Zealot  
  167  9:14  Zealot  
  169  9:21  Zealot x3  
  175  9:27  Pylon  
  175  9:29  Pylon  
  175  9:31  Pylon  
  175  9:32  High Templar x2  
  175  9:33  Psionic Storm  
  152  9:57  Zealot x11  
  152  9:58  Archon  
  142  10:20  High Templar  
  142  10:21  High Templar x3  
  146  10:22  High Templar x2, Zealot x6  
  146  10:23  Zealot  
  146  10:27  Archon x3  
  148  10:42  Zealot x4  
  142  10:43  Zealot x3  
  147  10:54  Zealot x5  
  145  11:19  Zealot x7  
  145  11:20  Zealot  
  145  11:22  High Templar x2  
  145  11:23  High Templar x2  
Tags
 
Add a new tag
Caveats
  • Supply blocks, unpowered buildings, or Contaminate may cause inaccurate times.
  • Supply counts are checked every 10 seconds.